 Dungeon Crawl Stone Soup version 0.16-a0-3074-gc0bb631 (webtiles) character file.

423 PolkaDot the Insei (level 6, -7/56 HPs)
             Began as a Draconian Monk on Dec 10, 2014.
             Mangled by a wyvern (9 damage)
             ... on level 7 of the Dungeon on Dec 11, 2014.
             The game lasted 00:14:27 (3507 turns).

PolkaDot the Insei (Draconian Monk)                 Turns: 3507, Time: 00:14:27

Health: -7/56      AC:  6    Str: 14    XL:     6   Next: 63%
Magic:  6/6        EV: 14    Int: 17    God:
Gold:   114        SH:  0    Dex: 14    Spells: 0 memorised, 5 levels left

rFire  . . .     SeeInvis .       - Unarmed
rCold  . . .     Clarity  .     (armour unavailable)
rNeg   . . .     SustAb   .     (no shield)
rPois  .         Gourm    .     (helmet restricted)
rElec  .         Spirit   .     (no cloak)
rCorr  .         Warding  .     (no gloves)
rMut   .         Stasis   .     (no boots)
MR     .....                    (no amulet)
Stlth  ++........               (no ring)
                                j - +6 ring of intelligence

@: lethally poisoned, not resistant to hostile enchantments, unstealthy
A: unfitting armour, cold-blooded, AC +6
a: no special abilities


You were on level 7 of the Dungeon.
You were hungry.

You visited 1 branch of the dungeon, and saw 7 of its levels.

You collected 114 gold pieces.

Inventory:

Jewellery
 j - a +6 ring of intelligence (left hand)
Scrolls
 a - 2 scrolls of enchant armour
 e - 3 scrolls of identify
 i - a scroll of remove curse
Comestibles
 b - a bread ration
 f - a royal jelly
 h - a meat ration


   Skills:
 + Level 5.2 Fighting
 + Level 4.1 Dodging
 - Level 1.7 Stealth
 * Level 6.1 Unarmed Combat


You had 5 spell levels left.
You didn't know any spells.

Dungeon Overview and Level Annotations

Branches:
Dungeon (7/15)
 Temple: D:4-7

Altars:
Ashenzari
Makhleb
Trog
The Shining One

Shops:
D:4 *

Annotations:
D:3 Grinder
D:6 Dowan, Duvessa


Innate Abilities, Weirdness & Mutations

Your plain brown scales are hard (AC +6).
Your body does not fit into most forms of armour.
Your cold-blooded metabolism reacts poorly to cold.


Message History

* * * LOW HITPOINT WARNING * * *
The wyvern bites you.
* * * LOW HITPOINT WARNING * * *
The adder bites you.
* * * LOW HITPOINT WARNING * * *
The wyvern bites you.
* * * LOW HITPOINT WARNING * * *
You see here a scroll of identify.
The wyvern barely misses you. The adder bites you.
* * * LOW HITPOINT WARNING * * *
You are lethally poisoned!
The adder poisons you!
You barely miss the wyvern. You tail-slap the wyvern.
The wyvern is lightly wounded.
* * * LOW HITPOINT WARNING * * *
You feel sick. The wyvern closely misses you. The adder barely misses you.
You closely miss the wyvern.
The wyvern is lightly wounded.
The wyvern bites you!
You die... ##### ##### #..@# #...# #.SD# #####...# #rKg#

#....Y..# #...#
####.###$..###Y..#
......g....#(....#
####.####.g..#...#
....<##...####....#
.######.###
#......#


You could see a wyvern, an ice beast, an adder, a quokka, a hobgoblin and a
kobold.

Vanquished Creatures
  An ogre (D:6)
  2 orc priests
  2 hounds
  2 orc wizards
  A worker ant (D:4)
  5 adders
  2 worms
  3 giant geckos
  An ooze (D:2)
  11 orcs
  8 bats
  5 hobgoblins
  3 jackals (D:3)
  A quokka (D:3)
  2 ball pythons (D:2)
  2 giant cockroaches
  A giant gecko skeleton (D:6)
  5 giant newts
  7 goblins
  8 kobolds
  11 rats
83 creatures vanquished.

Notes
Turn   | Place    | Note
--------------------------------------------------------------
     0 | D:1      | PolkaDot, the Draconian Monk, began the quest for the Orb.
     0 | D:1      | Reached XP level 1. HP: 19/19 MP: 1/1
   319 | D:1      | Reached XP level 2. HP: 26/26 MP: 2/2
  1105 | D:2      | Found a burning altar of Makhleb.
  1114 | D:2      | Reached XP level 3. HP: 24/33 MP: 3/3
  1223 | D:2      | Reached XP level 4. HP: 33/40 MP: 4/4
  1575 | D:3      | Found a shattered altar of Ashenzari.
  1651 | D:3      | Noticed Grinder
  1659 | D:3      | Paralysed by Grinder for 2 turns
  1681 | D:3      | Paralysed by Grinder for 4 turns
  1687 | D:3      | Paralysed by Grinder for 2 turns
  1692 | D:3      | Paralysed by Grinder for 2 turns
  1929 | D:3      | Reached skill level 5 in Unarmed Combat
  1929 | D:3      | Reached XP level 5. HP: 25/47 MP: 5/5
  2247 | D:3      | Paralysed by Grinder for 5 turns
  2279 | D:3      | Paralysed by Grinder for 4 turns
  2789 | D:4      | Found a glowing golden altar of the Shining One.
  2791 | D:4      | Found Ithupilo's Assorted Antiques.
  2797 | D:4      | Reached skill level 5 in Fighting
  2797 | D:4      | Reached XP level 6. HP: 50/56 MP: 6/6
  2832 | D:5      | Entered Level 5 of the Dungeon
  3222 | D:6      | Noticed Duvessa
  3222 | D:6      | Noticed Dowan
  3304 | D:6      | Found a bloodstained altar of Trog.
  3370 | D:6      | Reached skill level 6 in Unarmed Combat
  3457 | D:6      | Noticed a water moccasin
  3499 | D:7      | Noticed a wyvern
  3506 | D:7      | HP: 2/56 [poisoned by an adder]
  3507 | D:7      | Mangled by a wyvern

Action                   |  1- 3 |  4- 6 || total
-------------------------+-------+-------++-------
Melee: Unarmed           |   111 |   246 ||   357
  Use: Potion            |     3 |     9 ||    12
       Scroll            |       |    11 ||    11
 Stab: Sleeping          |     3 |     1 ||     4
  Eat: Chunk             |     1 |     7 ||     8
